 Dungeon Crawl Stone Soup version 0.31-a0-816-gd61d57ddb1 (webtiles) character file.

Game seed: 5283440095423751804

7566 DocSulfur the Spear-Bearer (level 10, -1/80 HPs)
             Began as a Mummy Berserker on Sept 22, 2023.
             Was a High Priest of Trog.
             Slain by an ogre
             ... wielding a +0 giant club
             ... led by Lodul
              (29 damage)
             ... on level 10 of the Dungeon.
             The game lasted 00:19:07 (7424 turns).

DocSulfur the Spear-Bearer (Mummy Berserker)        Turns: 7424, Time: 00:19:07

Health: -1/80      AC: 15    Str: 25    XL:     10   Next: 97%
Magic:  10/10      EV:  6    Int:  7    God:    Trog [*****.]
Gold:   588        SH:  3    Dex: 11    Spells: 9/9 levels left

rFire   x . .        y - +8 demon trident "Rift" {distort, reach+}
rCold   + . .        z - +0 buckler
rNeg    + + +        b - +0 plate armour
rPois   ∞            j - +1 hat
rElec   .            i - scarf {shadows}
rCorr   .            (no gloves)
SInv    .            (no boots)
Will    +....        (no amulet) Stlth
                     w - +4 ring of protection
HPRegen 0.33/turn    (no ring)
MPRegen 0.12/turn

%: faith
@: studying Earth Magic
A: cold resistance 1, negative energy resistance 3, torment resistance 2, heat
vulnerability 1, in touch with death 1, no potions, faith
a: Renounce Religion, Trog's Hand, Brothers in Arms


You were on level 10 of the Dungeon.
You worshipped Trog.
Trog was extremely pleased with you.
You visited 1 branch of the dungeon, and saw 10 of its levels.

You collected 588 gold pieces.

Inventory:

Hand Weapons
 y - the +8 demon trident "Rift" (weapon) {distort, reach+}
   (Trog gifted it to you on level 8 of the Dungeon)
Missiles
 d - 2 boomerangs
 h - 2 poisoned darts (quivered)
 p - a throwing net
Armour
 b - a +0 plate armour (worn)
 i - a scarf of shadows (worn)
 j - a +1 hat (worn)
 v - a scarf of invisibility
 x - a scarf of harm
 z - a +0 buckler (worn)
Jewellery
 w - a +4 ring of protection (left hand)
Wands
 a - a wand of polymorph (6)
 m - a wand of charming (12)
 u - a wand of quicksilver (25)
Scrolls
 c - 3 scrolls of poison
 e - a scroll of vulnerability {unknown}
 f - 2 scrolls of enchant weapon
 g - 2 scrolls of fear
 k - 3 scrolls of teleportation
 l - 2 scrolls of fog
 n - a scroll of noise
 o - a scroll of blinking
 q - 2 scrolls of immolation
 r - a scroll of silence
 s - a scroll of torment
 t - a scroll of identify


   Skills:
 + Level 7.6 Fighting
 * Level 12.6 Polearms
 - Level 1.5 Armour
 - Level 1.5 Dodging
 - Level 3.5 Evocations


You had 9 spell levels left.
You didn't know any spells.
Your spell library contained the following spells:

 Spells                   Type           Power      Damage    Failure   Level
 Cigotuvi's Dreadful Rot  Necr/Pois/Air  0%         N/A       100%        2
 Static Discharge         Conj/Air       0%         2-2/arc   100%        2
 Tukima's Dance           Hex            0%         N/A       100%        3
 Airstrike                Air            0%         2d(0-16)  100%        4
 Dispel Undead            Necr           0%         3d6       100%        4
 Passage of Golubria      Tloc           0%         N/A       100%        4
 Summon Lightning Spire   Summ/Air       0%         N/A       100%        4
 Yara's Violent Unravell  Hex/Tmut       0%         3d3       100%        5
 Bombard                  Conj/Erth      0%         9d1       100%        6
 Simulacrum               Ice/Necr       0%         N/A       100%        6


Dungeon Overview and Level Annotations

Branches:
Dungeon (10/15)            Temple (0/1) D:7            Lair (0/5) D:8
    Orc (0/2) D:9

Altars:
Vehumet

Annotations:
D:7 2 transporters, mohammadb5305's ghost, novice HOBe
D:10 2 transporters, Beaer's ghost, journeyman DsFi
Abyss:1 Erica


Innate Abilities, Weirdness & Mutations

You are immune to poison.
Your flesh is cold resistant. (rC+)
You are immune to negative energy. (rN+++)
You are immune to unholy pain and torment.
You are vulnerable to heat. (rF-)
You are in touch with the powers of death.
You do not drink.
You have a special connection with the divine. (Faith)


Message History

You kill the ogre!
Trog accepts your kill.
Aiming: Charm
Press: ? - help, Shift-Dir - straight line, f - ogre
Aim: an ogre, wielding a +0 giant club (chance to affect: 58%)
The ogre resists with significant effort.
Lodul shouts, "Intruder!"
Aiming: Charm
Press: ? - help, Shift-Dir - straight line, f/p - ogre
Aim: an ogre, wielding a +0 giant club (chance to affect: 58%)
The ogre resists with significant effort.
Reach: y) +8 demon trident "Rift" {distort, reach+}
Press: ? - help, Dir - move target, f - Lodul, p - ogre
Aim: Lodul, wielding a +0 dire flail (about 20% to evade the +8 demon trident "Rift")
You puncture Lodul!
Space warps around Lodul.
Lodul is lightly wounded.
The ogre hits you with a +0 giant club!
You barely miss Lodul.
Lodul is lightly wounded.
You barely miss Lodul.
Lodul is lightly wounded.
Lodul barely misses you.
You barely miss Lodul.
Lodul is lightly wounded.
You block the ogre's attack.
Okay, then.
You impale Lodul!!
Space warps around Lodul.
Lodul is severely wounded.
You block Lodul's attack.
You puncture Lodul!
Space warps around Lodul.
Lodul is almost dead.
The ogre hits you with a +0 giant club!
You impale Lodul!!
You kill Lodul!
Trog accepts your kill. The ogre attacks as it pursues you!
The ogre hits you with a +0 giant club!!
The ogre attacks as it pursues you!
The ogre hits you with a +0 giant club!!
You die...

#..##..h.h.~##.....#
##..##.###O##.O..O..
##..##YTH##.OO.....
##..#####..###.##.
##.......## #.#
##....O#####.#
####O.O...#.#
#......#.#
####......#@# #
^.........#O##.#
.......####.O..###
.......####O......
.........))....###
##........#....#
#........#....#
..........#....#
##........#......


You could see 3 ogres.

Vanquished Creatures
  2 two-headed ogres (D:9)
  Lodul (D:10)
  A cyclops (D:8)
  Psyche (D:8)
  Jeremiah (D:8)
  A rime drake (D:8)
  A troll (D:9)
  A wyvern (D:8)
  A water moccasin (D:6)
  2 orc warriors
  7 ice beasts (D:8)
  A black bear (D:5)
  2 ogres
  4 wolves (D:8)
  A phantom (D:5)
  A wyvern zombie (D:5)
  4 bullfrogs
  3 scorpions
  6 wights
  4 killer bees (D:9)
  2 howler monkeys
  A jelly (D:7)
  5 hounds
  6 orc priests
  A gnoll bouda (D:7)
  2 sleepcaps (D:4)
  4 iguanas (D:5)
  4 orc wizards
  A howler monkey skeleton (D:5)
  9 gnolls
  12 adders
  A shadow imp (D:7)
  3 white imps
  2 ufetubi
  The ghost of Beaer the Sneak, a weakling OpDe (D:5)
  2 dart slugs
  5 worms
  22 orcs
  5 ball pythons
  7 endoplasms
  5 giant cockroaches
  3 goblins
  11 hobgoblins
  5 jackals
  A quokka (D:1)
  8 bats
  2 frilled lizards
  5 kobolds
  7 rats
187 creatures vanquished.

Vanquished Creatures (others)
  A spectral weapon (D:5)
1 creature vanquished.

Grand Total: 188 creatures vanquished

Notes
Turn   | Place    | Note
-------+----------+-------------------------------------------
     0 | D:1      | DocSulfur the Mummy Berserker began the quest for the Orb.
     0 | D:1      | Reached XP level 1. HP: 18/18 MP: 1/1
   375 | D:1      | Reached XP level 2. HP: 21/24 MP: 2/2
   562 | D:1      | Reached ** piety under Trog
   563 | D:1      | Reached skill level 3 in Polearms
   713 | D:1      | Reached XP level 3. HP: 27/29 MP: 3/3
  1407 | D:2      | Reached XP level 4. HP: 37/37 MP: 4/4
  1723 | D:2      | Got a torn book
  1920 | D:3      | Reached XP level 5. HP: 30/43 MP: 5/5
  2189 | D:3      | Reached *** piety under Trog
  2340 | D:4      | Noticed an ogre
  2359 | D:4      | Killed an ogre
  2360 | D:4      | Reached skill level 5 in Fighting
  2360 | D:4      | Reached skill level 4 in Polearms
  2464 | D:4      | Reached XP level 6. HP: 51/51 MP: 6/6
  2614 | D:3      | Identified a scroll of acquirement
  2615 | D:3      | Acquired the +5 glaive of the Guard {elec, spectral}
  2615 | D:3      | Found the +5 glaive of the Guard {elec, spectral}
  2869 | D:4      | Reached skill level 5 in Polearms
  2869 | D:4      | Reached XP level 7. HP: 58/58 MP: 7/7
  3293 | D:5      | Entered Level 5 of the Dungeon
  3341 | D:5      | Reached skill level 1 in Evocations
  3502 | D:5      | Reached **** piety under Trog
  3521 | D:5      | Found a runed translucent gate.
  3521 | D:5      | Found a runed translucent gate.
  3522 | D:5      | Found a runed translucent gate.
  3549 | D:5      | Noticed Beaer's ghost (weakling OpDe)
  3558 | D:5      | Killed Beaer's ghost
  4055 | D:5      | Reached skill level 6 in Polearms
  4055 | D:5      | Reached XP level 8. HP: 46/64 MP: 8/8
  4293 | D:6      | Found a radiant altar of Vehumet.
  4450 | D:6      | Reached skill level 7 in Polearms
  4706 | D:7      | Reached ***** piety under Trog
  4751 | D:7      | Noticed a deep elf pyromancer
  4754 | D:7      | Noticed mohammadb5305's ghost (novice HOBe)
  4759 | D:7      | Found a transporter.
  4778 | D:7      | Found a staircase to the Ecumenical Temple.
  4790 | D:7      | Reached skill level 8 in Polearms
  4907 | D:7      | Found a transporter.
  5403 | D:8      | Reached XP level 9. HP: 62/69 MP: 9/9
  5408 | D:8      | Noticed a rime drake
  5421 | D:8      | Killed a rime drake
  5422 | D:8      | Reached skill level 9 in Polearms
  5497 | D:8      | Found a staircase to the Lair.
  5500 | D:8      | Reached skill level 10 in Polearms
  5507 | D:8      | Received a gift from Trog
  5507 | D:8      | Found the +8 demon trident "Rift" {distort, reach+}
  5826 | D:8      | Noticed Jeremiah
  5858 | D:8      | Killed Jeremiah
  6399 | D:8      | Noticed Psyche
  6405 | D:8      | Killed Psyche
  6406 | D:8      | Reached skill level 11 in Polearms
  6406 | D:8      | Reached XP level 10. HP: 76/76 MP: 10/10
  6413 | D:8      | Noticed a cyclops
  6432 | D:8      | Killed a cyclops
  7042 | D:9      | Noticed a two-headed ogre
  7052 | D:9      | Killed a two-headed ogre
  7059 | D:9      | Found a staircase to the Orcish Mines.
  7086 | D:9      | Noticed Erica
  7089 | D:9      | Banished Erica
  7090 | D:9      | Reached skill level 12 in Polearms
  7121 | D:9      | Noticed a two-headed ogre
  7126 | D:9      | Killed a two-headed ogre
  7355 | D:10     | Entered Level 10 of the Dungeon
  7374 | D:10     | Found a transporter.
  7377 | D:10     | Found a transporter.
  7381 | D:10     | Noticed an orc knight
  7381 | D:10     | Noticed a two-headed ogre
  7382 | D:10     | Noticed Beaer's ghost (journeyman DsFi)
  7382 | D:10     | Noticed a manticore
  7395 | D:10     | Noticed Lodul
  7421 | D:10     | Killed Lodul
  7424 | D:10     | Slain by an ogre

Illustrated notes

Levels and vault maps discovered:
D:1:      tarquinn_simple_flora_water_e, layout_basic
D:2:      layout_rooms
D:3:      layout_rooms, minmay_misc_feat_columns, minivault_27,
          chequers_arboretum
D:4:      cheibrodos_quashed, layout_basic, chequers_serial_rivers_small_3
D:5:      layout_basic, gammafunk_ghost_necromancy
D:6:      layout_rooms, lemuel_crystal_altar
D:7:      layout_gridville, minmay_temple_entry_mini_moons,
          gammafunk_ghost_arena
D:8:      layout_basic, hellmonk_lair_entry_icy, minmay_manual_moon,
          uniq_jeremiah, uniq_psyche
D:9:      layout_rooms, uniq_erica
D:10:     layout_basic, nzn_ghost_randoct, enter_bailey_3,
          nicolae_shop_sticking_my_neck_out, uniq_lodul, uniq_erolcha

Skill      XL: |  1  2  3  4  5  6  7  8  9 10 |
---------------+-------------------------------+-----
Polearms       | 3 4 5 6 8 11 12 | 12.6
Fighting       | 4 5 6 7 |  7.6
Evocations     | 2 3 |  3.5
Armour         | |  1.5
Dodging        | |  1.5

Action                     |  1- 3 |  4- 6 |  7- 9 | 10-12 || total
---------------------------+-------+-------+-------+-------++-------
  Melee: Spear             |   183 |    26 |       |       ||   209
         Trident           |       |   125 |       |       ||   125
         Glaive            |       |     8 |   112 |       ||   120
         Demon trident     |       |       |    57 |    51 ||   108
  Throw: Dart              |       |     2 |       |     2 ||     4
         Throwing net      |       |     1 |       |       ||     1
 Invoke: Trog's Hand       |       |     1 |     1 |     2 ||     4
  Evoke: Wand              |       |       |     3 |     2 ||     5
    Use: Scroll            |       |     7 |     1 |     4 ||    12
   Stab: Distracted        |       |       |     1 |       ||     1
 Armour: Chain mail        |    82 |   107 |    71 |     1 ||   261
         Scale mail        |     3 |       |       |       ||     3
         Plate armour      |       |       |       |    19 ||    19
  Dodge: Dodged            |    56 |    57 |    35 |     7 ||   155
  Block: Buckler           |    23 |    23 |     2 |     3 ||    51

Table legend: (Time is in decaauts)
 A = Elapsed time spent in this place.
 B = Non-inter-level travel time spent in this place.
 C = Inter-level travel time spent in this place.
 D = Time resting spent in this place.
 E = Time spent auto-exploring this place.
 F = Levels seen in this place.
 G = Mean time per level.
                   A        B        C        D        E       F      G
               +--------+--------+--------+--------+--------+-----+--------+
         Total |   7467 |   6878 |    589 |    297 |   4143 |  10 |  746.7 |
       Dungeon |   7467 |   6878 |    589 |    297 |   4143 |  10 |  746.7 |
               +--------+--------+--------+--------+--------+-----+--------+

Top non-repeatable levels by time:
     D:8: 1371 daAuts
     D:1: 1112 daAuts
     D:4: 997 daAuts
     D:5: 944 daAuts
     D:7: 864 daAuts
     D:2: 659 daAuts
     D:3: 618 daAuts
     D:6: 452 daAuts
     D:9: 381 daAuts
    D:10: 66 daAuts
